 Dungeon Crawl Stone Soup version 0.29-a0-43-g62a80824bf (webtiles) character file.

Game seed: 14845660425414647617

4505 HallandMoats the Skirmisher (level 10, -2/69 HPs)
             Began as an Octopode Fighter on Feb 3, 2022.
             Was a Priest of the Shining One.
             Slain by a killer bee (6 damage)
             ... on level 10 of the Dungeon.
             The game lasted 00:13:07 (8846 turns).

HallandMoats the Skirmisher (Octopode Fighter)      Turns: 8846, Time: 00:13:08

Health: -2/69      AC:  5    Str: 19    XL:     10   Next: 39%
Magic:  15/15      EV: 15    Int: 18    God:    the Shining One [***...]
Gold:   335        SH:  6    Dex: 17    Spells: 16/16 levels left

rFire   + . .      SeeInvis .   a - +0 trident
rCold   . . .      Faith    .   b - +0 buckler
rNeg    + . .      Spirit   .   (helmet restricted)
rPois   .          Reflect  .   (no amulet)
rElec   .          Harm     .   d - +4 ring of protection
rCorr   +          Rampage  .   e - ring of resist corrosion
Will    .....                   g - ring of protection from fire
Stlth   ++........              i - +6 ring of dexterity
HPRegen 0.21/turn               y - +6 ring of intelligence
MPRegen 0.14/turn               (no ring)
                                (no ring)
                                (no ring)

@: glowing
A: almost no armour, amphibious, 8 rings, camouflage 1, gelatinous body 1,
(nimble swimmer 1), tentacles
a: Renounce Religion, Divine Shield, Cleansing Flame


You were on level 10 of the Dungeon.
You worshipped the Shining One.
The Shining One was most pleased with you.
You visited 1 branch of the dungeon, and saw 8 of its levels.
You also visited: Bailey.

You collected 368 gold pieces.
You spent 33 gold pieces at shops.

Inventory:

Hand Weapons
 a - a +0 trident (weapon)
Armour
 b - a +0 buckler (worn)
Jewellery
 d - a +4 ring of protection (left tentacle)
 e - a ring of resist corrosion (right tentacle)
 g - a ring of protection from fire (on tentacle)
 i - a +6 ring of dexterity (on tentacle)
 n - a ring of fire
 v - a ring of fire
 y - a +6 ring of intelligence (on tentacle)
 C - a ring of protection from fire
Wands
 j - a wand of digging (7)
 m - a wand of acid (5)
 u - a wand of mindburst (13)
 w - a wand of iceblast (6)
 z - a wand of flame (21)
Scrolls
 f - 2 scrolls of fog
 h - a scroll of immolation
 s - a scroll of teleportation
 t - 2 scrolls of magic mapping
 A - 2 scrolls of acquirement
 B - a scroll of fear {unknown}
Potions
 c - a potion of cancellation {unknown}
 k - 2 potions of flight {unknown}
 l - a potion of heal wounds {unknown}
 o - a potion of resistance
 p - a potion of magic {unknown}
 r - 2 potions of brilliance {unknown}
 x - a potion of haste {unknown}


   Skills:
 * Level 6.7 Fighting
 * Level 6.4 Polearms
 + Level 5.2 Dodging
 + Level 5.9 Stealth
 + Level 5.0 Shields
 + Level 3.6 Spellcasting
 + Level 4.2 Transmutations
 + Level 4.1 Earth Magic
 * Level 6.2 Invocations


You had 16 spell levels left.
You didn't know any spells.
Your spell library contained the following spells:

 Spells                   Type           Power      Damage    Failure   Level
 Animate Skeleton         Necr           6%         N/A       19%         1
 Pain                     Necr           12%        1d4       19%         1
 Summon Guardian Golem    Hex/Summ       3%         N/A       50%         3
 Vampiric Draining        Necr           3%         2d6       50%         3
 Orb of Destruction       Conj           1%         9d5       100%        7
 Spellforged Servitor     Conj/Summ      1%         N/A       100%        7


Dungeon Overview and Level Annotations

Branches:
Dungeon (10/15)            Temple (0/1) D:6          Bailey (visited)
   Lair: D:8-11         Orc: D:9-12

Altars:
Elyvilon
Vehumet
Xom
Yredelemnul
The Shining One

Shops:
D:3 (   D:4 *


Innate Abilities, Weirdness & Mutations

You cannot wear most types of armour.
You are amphibious.
You can wear up to eight rings at the same time.
Your skin changes colour to match your surroundings (Stealth+).
Your rubbery body absorbs attacks. (AC +1, EV +1)
((You are camouflaged when in or above water. (Stealth+)))
You have tentacles for arms and can constrict up to eight enemies at once.


Message History

You feel sick.
Found a robe.
You feel sick. The killer bee barely misses you.
An orc warrior and a yak come into view.
Found a scroll of identify and 11 gold pieces.
You feel sick.
The killer bee stings you but does no damage.
You feel sick. The killer bee misses you.
You feel sick.
You are no longer poisoned.
The killer bee completely misses you.
Found a bronze wand.
The orc wizard points at you and mumbles some strange words.
You easily resist.
You block the killer bee's attack.
The yak bellows!
Found 23 arrows and a scroll labelled JEREEB LOJEDODD.
You block the killer bee's attack. The killer bee stings you!
* * * LOW HITPOINT WARNING * * *
The killer bee stings you.
* * * LOW HITPOINT WARNING * * *
The killer bee stings you but does no damage.
You feel better. The killer bee closely misses you. The killer bee misses you.
The centaur wields a +0 shortbow.
The centaur shoots an arrow.
The arrow closely misses you. The killer bee barely misses you.
The killer bee stings you.
* * * LOW HITPOINT WARNING * * *
Found 29 gold pieces.
The centaur shoots an arrow.
You block the arrow.
The centaur shoots an arrow.
The arrow closely misses you. The killer bee completely misses you.
Found 11 gold pieces.
The killer bee barely misses you.
The centaur shoots an arrow.
The arrow hits you!
* * * LOW HITPOINT WARNING * * *
The orc wizard mumbles some strange words.
The orc wizard flickers and vanishes!
Deactivating autopickup; reactivate with Ctrl-A.
The killer bee misses you. The killer bee closely misses you.
You block the killer bee's attack. The killer bee stings you.
You die...

. .. ####### ##...
......#####..... #
#....#.......#
#.#......$.....#
#........@## #......yy..#
.. #.......#..# ..###
.......Q#######.....
......#.#.$#..#....
......#....#.....##
......#...###...(.# ..##
.......c...o...# ....
#..........ZZ..#######..}⌠


You could see a tengu warrior and 2 killer bees.

Vanquished Creatures
  An orc knight (Bailey)
  An orc sorcerer (Bailey)
  A kobold demonologist (Bailey)
  A steam dragon (D:7)
  2 water moccasins
  10 orc warriors
  A black bear (D:4)
  2 ice beasts
  A necrophage (D:6)
  2 ogres
  3 phantoms
  2 scorpions
  A bullfrog (D:5)
  7 wights
  3 howler monkeys (D:7)
  2 electric eels
  A bullfrog zombie (D:5)
  A centaur zombie (D:5)
  2 hounds
  Crazy Yiuf (D:5)
  A bullfrog skeleton (D:5)
  A centaur skeleton (D:6)
  2 orc priests
  Ijyb (D:3)
  2 orc wizards
  2 iguanas
  A killer bee zombie (D:6)
  Robin (D:3)
  A howler monkey zombie (D:5)
  2 adders (D:2)
  11 gnolls
  A howler monkey skeleton (D:5)
  A shadow imp (D:5)
  A white imp (D:7)
  An ufetubus (D:4)
  An adder skeleton (D:4)
  5 dart slugs
  28 orcs
  4 endoplasms
  4 giant cockroaches
  23 goblins
  16 hobgoblins
  4 jackals (D:1)
  4 quokkas
  3 ball pythons
  12 bats
  6 frilled lizards
  9 kobolds
  5 rats
198 creatures vanquished.

Vanquished Creatures (others)
  10 plants (D:6)
10 creatures vanquished.

Grand Total: 208 creatures vanquished

Notes
Turn   | Place    | Note
-------+----------+-------------------------------------------
     0 | D:1      | HallandMoats the Octopode Fighter began the quest for the
                  | Orb.
     0 | D:1      | Reached XP level 1. HP: 16/16 MP: 1/1
   260 | D:1      | Reached XP level 2. HP: 21/21 MP: 2/2
   451 | D:1      | Reached XP level 3. HP: 13/26 MP: 3/3
   923 | D:1      | Reached skill level 1 in Transmutations
  1262 | D:2      | Found a faded altar of an unknown god.
  1482 | D:2      | Reached skill level 1 in Stealth
  1482 | D:2      | Reached skill level 1 in Invocations
  1482 | D:2      | Reached XP level 4. HP: 31/31 MP: 4/4
  2175 | D:3      | Noticed Robin
  2270 | D:3      | Killed Robin
  2271 | D:3      | Reached XP level 5. HP: 32/36 MP: 6/6
  2275 | D:3      | Reached skill level 1 in Earth Magic
  2850 | D:3      | Noticed Ijyb
  2861 | D:3      | Killed Ijyb
  2965 | D:3      | Found a basalt altar of Yredelemnul.
  2967 | D:3      | Noticed a profane servitor
  2970 | D:3      | Reached skill level 1 in Spellcasting
  2991 | D:3      | Found a glowing golden altar of the Shining One.
  2993 | D:3      | Noticed an angel
  3022 | D:3      | Found Gygey's Weapon Emporium.
  3355 | D:3      | Became a worshipper of the Shining One
  3469 | D:4      | Found Imuunil's General Store.
  3492 | D:4      | Bought a potion of curing for 33 gold pieces
  3645 | D:4      | Noticed an ogre
  3664 | D:4      | Reached XP level 6. HP: 37/43 MP: 7/7
  4123 | D:4      | Noticed a black bear
  4130 | D:4      | Killed a black bear
  4131 | D:4      | Reached XP level 7. HP: 44/48 MP: 7/9
  4170 | D:5      | Entered Level 5 of the Dungeon
  4367 | D:5      | Reached * piety under the Shining One
  4632 | D:5      | Reached XP level 8. HP: 54/54 MP: 9/11
  4725 | D:5      | Found a runed translucent door.
  4726 | D:5      | Noticed Crazy Yiuf
  4929 | D:5      | Killed Crazy Yiuf
  5468 | D:6      | Reached skill level 5 in Fighting
  5473 | D:6      | Reached ** piety under the Shining One
  5744 | D:6      | Found a staircase to the Ecumenical Temple.
  5983 | D:6      | Reached XP level 9. HP: 57/61 MP: 11/13
  6018 | D:6      | Reached skill level 5 in Polearms
  6061 | D:6      | Found a shimmering altar of Xom.
  6178 | D:6      | Found a radiant altar of Vehumet.
  6912 | D:7      | Reached skill level 5 in Invocations
  7107 | D:7      | Found a white marble altar of Elyvilon.
  7116 | D:7      | Reached skill level 5 in Stealth
  7159 | D:7      | You fall into a shaft and drop 3 floors!
  7159 | D:10     | Entered Level 10 of the Dungeon
  7160 | D:10     | Found a flagged portal.
  7178 | Bailey   | Entered a bailey
  7264 | Bailey   | Noticed a kobold demonologist
  7267 | Bailey   | Noticed an orc knight
  7279 | Bailey   | Killed a kobold demonologist
  7282 | Bailey   | HP: 3/62 [orc knight (11)]
  7283 | Bailey   | Killed an orc knight
  7284 | Bailey   | Reached skill level 5 in Dodging
  7284 | Bailey   | Reached XP level 10. HP: 4/69 MP: 12/15
  8056 | Bailey   | Reached skill level 5 in Shields
  8208 | Bailey   | Found an iron altar of Okawaru.
  8210 | Bailey   | Noticed an orc sorcerer
  8495 | Bailey   | Identified the +4 morningstar "Boyv" {vamp, rElec rPois rC+
                  | rCorr}
  8624 | Bailey   | Killed an orc sorcerer
  8749 | D:10     | Noticed a two-headed ogre
  8825 | D:10     | Noticed a tengu warrior
  8826 | D:10     | Reached *** piety under the Shining One
  8846 | D:10     | Slain by a killer bee

Illustrated notes

Levels and vault maps discovered:
D:1:      dpeg_arrival_short_road, layout_loops_corners, eino_curves_04,
          minmay_pentomino_w2
D:2:      layout_loops_corners, basic_ecumenical_altar, lightli_corner_chamber
D:3:      layout_loops_ring, grunt_temple_overflow_holy_war, serial_shops,
          nicolae_shop_bloodbath_and_beyond, minmay_hedge_maze,
          kennysheep_potato, uniq_robin, uniq_ijyb
D:4:      kennysheep_spiral_hall, layout_basic, serial_shops,
          nicolae_shop_statue_plus
D:5:      layout_basic, uniq_crazy_yiuf_cottage
D:6:      layout_loops_ring, kennysheep_mini, vehumet_altar_wand_db,
          minmay_temple_entry_ruins, kennysheep_cross_bottleneck,
          serial_bayou_lagoon_b
D:7:      layout_basic, mainiacjoe_overflow_24_doors
D:10:     hangedman_cross_cluster, layout_stronghold, grunt_gozag_breadcrumbs,
          david_lair_shrubbed, enter_bailey_3

Skill      XL: |  1  2  3  4  5  6  7  8  9 10 |
---------------+-------------------------------+-----
Transmutations | 1 2 3 4 |  4.2
Stealth        | 1 2 3 4 5 |  5.9
Invocations    | 1 2 3 4 5 6 |  6.2
Earth Magic    | 1 2 3 4 |  4.1
Polearms       | 3 4 5 6 |  6.4
Spellcasting   | 1 2 3 |  3.6
Fighting       | 4 5 6 |  6.7
Dodging        | 4 5 |  5.2
Shields        | 4 5 |  5.0

Action                   |  1- 3 |  4- 6 |  7- 9 | 10-12 || total
-------------------------+-------+-------+-------+-------++-------
Melee: Trident           |    96 |   126 |   199 |    68 ||   489
       Constrict         |    22 |    33 |    44 |    17 ||   116
       Tentacles         |    11 |    19 |    68 |    23 ||   121
       Punch             |     1 |     2 |     3 |     2 ||     8
Invok: Divine Shield     |       |       |     1 |     1 ||     2
  Use: Scroll            |       |     6 |     4 |       ||    10
       Potion            |       |       |     1 |     1 ||     2
 Stab: Sleeping          |    12 |     7 |       |       ||    19
       Distracted        |     1 |       |       |       ||     1
Armor: Skin              |    12 |    30 |    16 |     9 ||    67
Dodge: Dodged            |    46 |    90 |    80 |    57 ||   273
Block: Buckler           |    19 |    37 |    41 |    25 ||   122

Table legend: (Time is in decaauts)
 A = Elapsed time spent in this place.
 B = Non-inter-level travel time spent in this place.
 C = Inter-level travel time spent in this place.
 D = Time resting spent in this place.
 E = Time spent auto-exploring this place.
 F = Levels seen in this place.
 G = Mean time per level.
                   A        B        C        D        E       F      G
               +--------+--------+--------+--------+--------+-----+--------+
         Total |   8926 |   8674 |    252 |   1291 |   5614 |   9 |  991.8 |
       Dungeon |   7366 |   7114 |    252 |    662 |   5082 |   8 |  920.8 |
        Bailey |   1559 |   1559 |      0 |    629 |    532 |   1 | 1559.0 |
               +--------+--------+--------+--------+--------+-----+--------+

Top non-repeatable levels by time:
     D:6: 1587 daAuts
  Bailey: 1559 daAuts
     D:2: 1198 daAuts
     D:1: 1105 daAuts
     D:3: 1103 daAuts
     D:5: 918 daAuts
     D:4: 810 daAuts
     D:7: 511 daAuts
    D:10: 132 daAuts
